 Dungeon Crawl Stone Soup version 0.22.1-1-ga44c0e5 (webtiles) character file.

3474 Irenicus the Cleaver (level 9, -11/75 HPs)
             Began as a Deep Dwarf Gladiator on Oct 6, 2018.
             Was a Believer of Makhleb.
             Mangled by an orc knight
             ... wielding a +0 glaive
              (26 damage)
             ... in a bailey.
             The game lasted 00:23:02 (3479 turns).

Irenicus the Cleaver (Deep Dwarf Gladiator)         Turns: 3479, Time: 00:23:02

Health: -11/75     AC: 20    Str: 18    XL:     9   Next: 79%
Magic:  6/6        EV: 23    Int:  5    God:    Makhleb [**....]
Gold:   380        SH: 10    Dex: 22    Spells: 6/8 levels left

rFire    + + +     SeeInvis +   a - +0 war axe
rCold    x . .     Gourm    .   r - +2 shield {AC+3}
rNeg     . . .     Faith    .   h - +6 fire dragon scales "Ciziol" {rF++ rC- Int-4 Dex+5}
rPois    .         Spirit   .   c - +0 helmet
rElec    .         Reflect  .   w - +0 cloak
rCorr    .         Harm     .   (no gloves)
MR       +....                  E - +0 pair of boots
Stlth    ..........             n - amulet of the acrobat
HPRegen  0.00/turn              l - ring of protection from fire {rF+, !d}
MPRegen  0.10/turn              m - ring of see invisible {sInv, !d}

@: non-regenerating
A: damage resistance, heal wounds, sense surroundings 2, no regeneration
a: Heal Wounds, Minor Destruction, Renounce Religion


You were in a bailey.
You worshipped Makhleb.
Makhleb was pleased with you.
You were not hungry.

You visited 2 branches of the dungeon, and saw 8 of its levels.
You also visited: Sewer, Ossuary and Bailey.

You collected 380 gold pieces.

Inventory:

Hand Weapons
 a - a +0 war axe (weapon)
Missiles
 d - 4 throwing nets (quivered) {=f, !d}
Armour
 b - a +0 leather armour
 c - a +0 helmet (worn)
 h - the +6 fire dragon scales "Ciziol" (worn) {rF++ rC- Int-4 Dex+5}
   (You found it in a bailey)

   It affects your intelligence (-4).
   It affects your dexterity (+5).
   It greatly protects you from fire.
   It makes you vulnerable to cold.
 r - a +2 shield of protection (worn)
   (You found it in a bailey)
 w - a +0 cloak (worn)
   (You found it on level 6 of the Dungeon)
 E - a +0 pair of boots (worn)
   (You found it on level 6 of the Dungeon)
Jewellery
 l - a ring of protection from fire (left hand) {rF+, !d}
   (You found it on level 2 of the Dungeon)
 m - a ring of see invisible (right hand) {sInv, !d}
   (You found it on level 2 of the Dungeon)
 n - an amulet of the acrobat (around neck)
   (You found it on level 3 of the Dungeon)
 p - an uncursed ring of protection from fire {rF+, !d}
   (You found it on level 4 of the Dungeon)
Scrolls
 e - a scroll of remove curse {unknown}
 g - 5 scrolls of random uselessness {unknown}
 i - 5 scrolls of teleportation {unknown}
 j - a scroll of immolation {!r}
 k - 3 scrolls of noise {unknown}
 o - 2 scrolls of fog {unknown}
 s - a scroll of fear
 x - a scroll of enchant armour {unknown}
 y - a scroll of enchant weapon
Potions
 q - 2 potions of curing
 t - a potion of flight
 u - a potion of brilliance
 B - 2 potions of might
 D - a potion of mutation {!q}
Comestibles
 f - 13 rations


   Skills:
 - Level 3.0 Fighting
 + Level 14.5 Axes
 - Level 1.7 Throwing
 - Level 3.2 Dodging


You had 6 spell levels left.
You knew the following spells:

 Your Spells              Type           Power        Failure   Level  Hunger
w - Passwall              Tmut/Erth      #.......     100%        2    ###....

Your spell library contained the following spells:

 Spells                   Type           Power        Failure   Level  Hunger
 Corona                   Hex            #......      100%        1    ##.....
 Sandblast                Erth           #.....       100%        1    ##.....
 Ensorcelled Hibernation  Hex/Ice        #.....       100%        2    ###....
 Confuse                  Hex            #.......     100%        3    ####...
 Dazzling Spray           Conj/Hex       #.....       100%        3    ####...
 Stone Arrow              Conj/Erth      #.....       100%        3    ####...
 Tukima's Dance           Hex            #.......     100%        3    ####...
 Petrify                  Tmut/Erth      #.......     100%        4    #####..
 Lee's Rapid Deconstruct  Erth           #.........   100%        5    ######.


Dungeon Overview and Level Annotations

Branches:
Dungeon (7/15)             Temple (1/1) D:5

Altars:
Ashenzari
Dithmenos
Elyvilon
Fedhas
Makhleb
Qazlal
Ru
Trog
Uskayaw
Wu Jian
Yredelemnul
Zin
The Shining One


Innate Abilities, Weirdness & Mutations

You are resistant to damage.
You can heal yourself by infusing magical energy.
You passively map the area around you.
You do not regenerate.


Message History

Things that are here:
a halberd; a shiny chain mail; an orc corpse
Things that are here:
a spear; a plate armour You open the door.
The orc knight roars a battlecry!
Found a gate leading back out of this place.
The orc knight shouts!
The orc warrior shouts!
There is an open door here.
You aren't carrying any items that you can evoke.
Items here: ! ) [ † a potion of degeneration {!q}; a trident; a ring mail; an orc corpse You feel very mighty all of a sudden.
You slash the orc knight! The orc knight closely misses you.
You slash the orc knight!
The orc knight roars a battlecry!
You hear a shout!
You barely miss the orc knight. The orc knight hits you with a trident!
You take 5 damage, and have 43/75 hp.
You barely miss the orc knight. You slash the orc knight!
The orc knight hits you with a trident.
You take 5 damage, and have 38/75 hp.
You barely miss the orc knight. The orc knight misses you.
You slice the orc knight!! The orc knight barely misses you.
You slash the orc knight! You slice the orc knight!!
You kill the orc knight!
Makhleb accepts your kill.
The orc knight shouts!
Items here: $ ) [ † a trident; a ring mail; 30 gold pieces; an orc corpse You now have 370 gold pieces (gained 30).
The orc knight no longer looks unusually strong.
There is an open door here.
The orc knight barely misses you.
The orc knight roars a battlecry!
The orc knight goes into a battle-frenzy!
The orc warrior no longer looks unusually strong.
There is an open door here.
The orc knight no longer looks unusually strong.
The orc knight roars a battlecry!
The orcs go into a battle-frenzy!
There is a large open door here.
There is a large open door here.
You see here 10 gold pieces.
You now have 380 gold pieces (gained 10).
There is a large open door here.
There is a large open door here.
The orc knight roars a battlecry!
The orc knight goes into a battle-frenzy!
There is an open door here.
You aren't carrying any items that you can evoke.
The orc knight hits you from afar with a halberd!
You take 8 damage, and have 30/75 hp.
The orc warrior no longer looks unusually strong.
The orc warrior completely misses you. The orc knight closely misses you.
The orc knight no longer looks unusually strong.
The orc knight misses you.
You open the door.
You feel a little less mighty now.
There is an open door here.
The orc knight roars a battlecry!
The orcs go into a battle-frenzy!
You see here encrusted fire dragon scales. h - encrusted fire dragon scales
Okay, then.
You close the door.
Wear which item? (? for menu, Esc to quit)
You start removing your armour.
You continue taking off your +0 leather armour. x4
You finish taking off your +0 leather armour.
You start putting on your armour.
You continue putting on your encrusted fire dragon scales. x5
You finish putting on the +6 fire dragon scales "Ciziol" {rF++ rC- Int-4 Unknown command.
You open the door.
You close the door.
You see here a shiny chain mail.
You see here a shiny shield.
r - a shiny shield Wear which item? (? for menu, Esc to quit)
You start putting on your armour.
You continue putting on your shiny shield. x4
You finish putting on your +2 shield of protection.
You feel protected.
Put on which piece of jewellery? (? for menu, Esc to quit)
Okay, then.
You open the door.
The orc knight roars a battlecry!
The orcs go into a battle-frenzy!
The orc knight roars a battlecry!
The orc knight goes into a battle-frenzy!
There is an open door here.
The orc knight hits you from afar with a halberd!
* * * LOW HITPOINT WARNING * * *
You block the orc knight's attack. The orc warrior completely misses you.
You take 15 damage, and have 15/75 hp.
The orc knight barely misses you.
The orc knight hits you from afar with a glaive!!
You die...

#∩#### ##.........##
##∩..#######..≈≈≈≈≈≈≈..##
####...##...≈≈.....≈≈..##
########.##..≈..###..≈≈..#######
#.........##...##.##..≈≈........
#.≈≈≈≈≈≈≈#######.[.##..≈≈≈≈≈≈≈≈≈
#.≈..##### #.....##......).).
#.≈)#############'#############.
#.≈.##.$$$.##..@......##.....##.
#.≈..##, , #..§≈≈≈≈§≈..'#...##..
#.≈≈..##, #.§§≈.ooo.≈§..##.##..≈
#∩.≈≈).# #.§≈≈§..⌠...≈§..#'#..≈≈
##.≈≈..# #..≈§..⌠∩⌠..≈≈..#'#..≈≈
#.≈≈.)## #+..≈≈.....≈≈..##.##..≈
#.≈..## ,,##..≈≈≈§≈≈≈..##...##..
#.≈.## , ##.........##.....##.
#.≈.#############+###'#########.


You could see 2 orc knights and an orc warrior.

Vanquished Creatures
  Harold (D:7)
  An orc knight (Bailey)
  Grinder (D:3)
  Sigmund (D:3)
  2 orc warriors
  2 phantoms
  Purgy (Sewer)
  2 ice beasts
  2 centaurs (D:5)
  2 ogres
  A bullfrog (D:6)
  Blork the orc (D:4)
  A scorpion (D:5)
  2 howler monkeys
  A crimson imp (D:7)
  A hound (D:4)
  An orc priest (D:2)
  2 orc wizards (D:7)
  2 bullfrog skeletons
  An iguana (D:4)
  Jessica (D:3)
  A worker ant (D:5)
  A hound skeleton (D:5)
  14 mummies (Ossuary)
  Robin (D:4)
  10 gnolls
  5 adders (D:4)
  A shadow imp (D:5)
  An ooze (D:1)
  An adder skeleton (D:7)
  2 worms (D:2)
  2 dart slugs
  2 leopard geckos
  25 orcs
  3 bats
  2 giant cockroaches
  17 goblins
  5 hobgoblins
  5 jackals
  9 kobolds
  A quokka (D:4)
  3 frilled lizards
  A giant cockroach zombie (D:5)
  A gnoll skeleton (Ossuary)
  A goblin skeleton (Ossuary)
  A goblin zombie (D:4)
  4 kobold skeletons (Ossuary)
  2 orc skeletons (Ossuary)
  12 rats
  11 rat skeletons (Ossuary)
  A rat zombie (D:4)
174 creatures vanquished.

Notes
Turn   | Place    | Note
-------+----------+-------------------------------------------
     0 | D:1      | Irenicus the Deep Dwarf Gladiator began the quest for the
                  | Orb.
     0 | D:1      | Reached XP level 1. HP: 19/19 MP: 1/1
    90 | D:1      | Reached skill level 2 in Fighting
   116 | D:1      | Reached XP level 2. HP: 17/26 MP: 2/2
   263 | D:2      | Reached skill level 4 in Axes
   272 | D:2      | Reached XP level 3. HP: 12/33 MP: 3/3
   321 | D:2      | HP: 8/33 [rat (1)]
   371 | D:2      | HP: 5/33 [gnoll (5)]
   371 | D:2      | HP: 1/33 [gnoll/spear (4)]
   377 | D:2      | Reached skill level 3 in Fighting
   377 | D:2      | Reached XP level 4. HP: 14/42 MP: 3/3
   433 | D:2      | HP: 7/42 [orc priest/divine providence (7)]
   441 | D:2      | Reached skill level 5 in Axes
   500 | D:2      | Found a glowing golden altar of the Shining One.
   507 | D:2      | Found a basalt altar of Yredelemnul.
   516 | D:2      | HP: 10/42 [leopard gecko (1)]
   678 | D:3      | Noticed Jessica
   693 | D:3      | Killed Jessica
   693 | D:3      | Reached XP level 5. HP: 30/49 MP: 4/4
   708 | D:3      | Noticed Sigmund
   726 | D:3      | Killed Sigmund
   726 | D:3      | Reached skill level 6 in Axes
   726 | D:3      | Reached XP level 6. HP: 34/56 MP: 5/5
   810 | D:3      | Reached skill level 7 in Axes
   884 | D:3      | Noticed Grinder
   887 | D:3      | HP: 11/56 [Grinder/nerve-wracking pain (12)]
   890 | D:3      | Paralysed by Grinder for 5 turns
   893 | D:3      | HP: 10/56 [Grinder (6)]
   903 | D:3      | Killed Grinder
   903 | D:3      | Reached skill level 8 in Axes
   903 | D:3      | Reached XP level 7. HP: 30/62 MP: 6/6
   960 | D:4      | HP: 14/62 [phantom (3)]
   971 | D:4      | HP: 10/62 [adder (3)]
  1002 | D:4      | HP: 8/62 [phantom (2)]
  1004 | D:4      | Reached skill level 9 in Axes
  1014 | D:4      | HP: 6/62 [hound (2)]
  1092 | D:4      | Noticed Robin
  1106 | D:4      | Killed Robin
  1177 | D:4      | Noticed Blork the orc
  1198 | D:4      | Found a sand-covered staircase.
  1216 | Ossuary  | Entered an ossuary
  1226 | Ossuary  | Learned a level 2 spell: Passwall
  1245 | Ossuary  | HP: 15/62 [arrow trap (1)]
  1261 | Ossuary  | HP: 6/62 [mummy (9)]
  1269 | Ossuary  | HP: 9/62 [mummy (13)]
  1291 | Ossuary  | HP: 15/62 [mummy (16)]
  1334 | Ossuary  | HP: 8/62 [mummy (16)]
  1339 | Ossuary  | HP: 12/62 [mummy (2)]
  1344 | Ossuary  | Reached skill level 10 in Axes
  1463 | Ossuary  | HP: 13/62 [mummy (4)]
  1465 | Ossuary  | Reached XP level 8. HP: 34/69 MP: 6/6
  1621 | D:4      | Killed Blork the orc
  1729 | D:5      | Entered Level 5 of the Dungeon
  1754 | D:5      | HP: 16/69 [worker ant (3)]
  1812 | D:5      | Reached skill level 11 in Axes
  1836 | D:5      | HP: 11/69 [centaur/arrow (9)]
  1933 | D:5      | Found a staircase to the Ecumenical Temple.
  1956 | Temple   | Entered the Ecumenical Temple
  2020 | Temple   | Became a worshipper of Makhleb the Destroyer
  2217 | D:6      | HP: 15/69 [bullfrog (6)]
  2232 | D:6      | HP: 10/69 [bullfrog (4)]
  2238 | D:6      | HP: 24/103 [gnoll/spear (1)]
  2319 | D:6      | Found a shattered altar of Ashenzari.
  2326 | D:6      | HP: 12/69 [bullfrog skeleton (4)]
  2359 | D:6      | Reached skill level 12 in Axes
  2481 | D:6      | Found a glowing silver altar of Zin.
  2536 | D:6      | Found a glowing drain.
  2540 | Sewer    | Entered a sewer
  2592 | Sewer    | Noticed Purgy
  2617 | Sewer    | Killed Purgy
  2678 | D:6      | Found a bloodstained altar of Trog.
  2841 | D:6      | HP: 14/69 [ogre/giant club (10)]
  2851 | D:6      | HP: 3/69 [ogre/giant club (20)]
  2852 | D:6      | Reached * piety under Makhleb
  2852 | D:6      | Gained mutation: You passively map the area around you.
                  | [Deep Dwarf growth]
  2852 | D:6      | Reached XP level 9. HP: 4/75 MP: 6/6
  3062 | D:7      | Noticed Harold
  3065 | D:7      | HP: 11/75 [Harold/glaive (9)]
  3080 | D:7      | HP: 22/112 [shot self (7)]
  3085 | D:7      | HP: 24/168 [Harold/glaive (3)]
  3089 | D:7      | Killed Harold
  3089 | D:7      | Reached skill level 13 in Axes
  3134 | D:7      | HP: 14/75 [phantom (7)]
  3195 | D:7      | Found a flagged portal.
  3232 | Bailey   | Entered a bailey
  3312 | Bailey   | Reached skill level 14 in Axes
  3325 | Bailey   | Noticed an orc knight
  3342 | Bailey   | Reached ** piety under Makhleb
  3404 | Bailey   | Noticed an orc knight
  3405 | Bailey   | Noticed an orc knight
  3417 | Bailey   | Killed an orc knight
  3452 | Bailey   | Got encrusted fire dragon scales
  3465 | Bailey   | Identified the +6 fire dragon scales "Ciziol" {rF++ rC-
                  | Int-4 Dex+5} (You found it in a bailey)
  3478 | Bailey   | HP: 15/75 [orc knight/halberd (15)]
  3479 | Bailey   | Mangled by an orc knight

Skill      XL: |  1  2  3  4  5  6  7  8  9 |
---------------+----------------------------+-----
Fighting       | 2 3 |  3.0
Axes           | 4 5 6 8 10 12 14 | 14.5
Throwing       | |  1.7
Dodging        | |  3.2

Action                   |  1- 3 |  4- 6 |  7- 9 || total
-------------------------+-------+-------+-------++-------
Melee: War axe           |    70 |    86 |   426 ||   582
Throw: Throwing net      |     2 |       |     5 ||     7
 Abil: Heal Wounds       |     2 |     3 |    18 ||    23
Evoke: Wand              |       |     2 |    23 ||    25
  Use: Potion            |       |     3 |    16 ||    19
       Scroll            |       |       |     8 ||     8
 Stab: Held in net/web   |     1 |       |     3 ||     4
       Sleeping          |       |       |     2 ||     2
       Confused          |       |       |     1 ||     1
  Eat: Chunk             |       |       |     6 ||     6
       Ration            |       |       |     1 ||     1
Armor: Leather armour    |    12 |    12 |    88 ||   112
       Skin              |       |       |    15 ||    15
Dodge: Dodged            |    68 |    65 |   268 ||   401
Block: Shield            |       |       |     1 ||     1

Vault maps used:
D:1:      roderic_octagonal_star
D:2:      cheibrodos_pilgrimage, grunt_temple_overflow_holy_war,
          grunt_ministairs_10
D:3:      kennysheep_generic_room_4, uniq_grinder, uniq_sigmund, uniq_jessica
D:4:      enter_ossuary_4, dk_vineyard_1, uniq_robin, uniq_blork_the_orc
D:5:      temple_doors_cd, first_ration
D:6:      lemuel_doored_altar, evilmike_ruin_ashenzari, lemuel_crystal_altar,
          gup_sewer_entry_bowl, lightli_orcish_oven
D:7:      kennysheep_housing_project, overflow_temple_1_default,
          gammafunk_temple_overflow_wave, enter_bailey_3, uniq_harold
Temple:   oiseaux_autumnal_temple
Sewer:    sewer_the_crocodile
Ossuary:  ossuary_due_small_catacomb
Bailey:   bailey_polearm_1, bailey

Table legend:
 A = Turns spent in this place as a percentage of turns spent in the entire game.
 B = Non-inter-level travel turns spent in this place as a percentage of non-inter-level travel turns spent in the entire game.
 C = Inter-level travel turns spent in this place as a percentage of turns spent in this place.
 D = Turns resting spent in this place as a percentage of non-inter-level travel turns spent in this place.
 E = Turns spent auto-exploring this place as a percentage of non-inter-level travel turns spent in this place.
 F = Non-inter-level travel turns spent in this place divided by the number of levels of this place that you've seen.
                   A       B       C       D       E      F
               +-------+-------+-------+-------+-------+----------------------
         Total | 100.0 | 100.0 |   0.5 |   1.7 |   0.0 | 314.8
       Dungeon |  76.2 |  76.1 |   0.6 |   2.2 |   0.0 | 376.4
        Temple |   2.4 |   2.4 |   0.0 |   0.0 |   0.0 |  82.0
         Sewer |   3.7 |   3.8 |   0.0 |   0.0 |   0.0 | 130.0
       Ossuary |  10.6 |  10.7 |   0.0 |   0.0 |   0.0 | 369.0
        Bailey |   7.1 |   7.1 |   0.0 |   0.0 |   0.0 | 247.0
               +-------+-------+-------+-------+-------+----------------------

Table legend:
 A = Kills in this place as a percentage of kills in entire the game.
 B = Kills by you in this place as a percentage of kills by you in the entire game.
 C = Kills by friends in this place as a percentage of kills by friends in the entire game.
 D = Other kills in this place as a percentage of other kills in the entire game.
 E = Experience gained in this place as a percentage of experience gained in the entire game.
 F = Experience gained in this place divided by the number of levels of this place that you have seen.
                   A       B       C       D       E      F
               +-------+-------+-------+-------+-------+----------------------
         Total | 100.0 | 100.0 |   N/A |   N/A | 100.0 | 451.3
       Dungeon |  69.9 |  69.9 |   N/A |   N/A |  76.3 | 541.4
         Sewer |   3.5 |   3.5 |   N/A |   N/A |   2.7 | 136.0
       Ossuary |  18.5 |  18.5 |   N/A |   N/A |   5.5 | 274.0
        Bailey |   8.1 |   8.1 |   N/A |   N/A |  15.4 | 764.0
               +-------+-------+-------+-------+-------+----------------------
